%YAML 1.1
%TAG !u! tag:unity3d.com,2011:
--- !u!1 &579780356725031678
GameObject:
  m_ObjectHideFlags: 0
  m_CorrespondingSourceObject: {fileID: 1784694379802654, guid: 35ce2bb4caba9434db5e656796b632b1,
    type: 3}
  m_PrefabInstance: {fileID: 0}
  m_PrefabAsset: {fileID: 0}
  serializedVersion: 6
  m_Component:
  - component: {fileID: 579780356725031679}
  - component: {fileID: 579780356725031676}
  m_Layer: 0
  m_Name: Device
  m_TagString: Untagged
  m_Icon: {fileID: 0}
  m_NavMeshLayer: 0
  m_StaticEditorFlags: 0
  m_IsActive: 1
--- !u!4 &579780356725031679
Transform:
  m_ObjectHideFlags: 0
  m_CorrespondingSourceObject: {fileID: 4572037255418010, guid: 35ce2bb4caba9434db5e656796b632b1,
    type: 3}
  m_PrefabInstance: {fileID: 0}
  m_PrefabAsset: {fileID: 0}
  m_GameObject: {fileID: 579780356725031678}
  m_LocalRotation: {x: 0, y: 0, z: 0, w: 1}
  m_LocalPosition: {x: 0, y: 0, z: 0}
  m_LocalScale: {x: 1, y: 1, z: 1}
  m_Children: []
  m_Father: {fileID: 579780357577281594}
  m_RootOrder: 0
  m_LocalEulerAnglesHint: {x: 0, y: 0, z: 0}
--- !u!114 &579780356725031676
MonoBehaviour:
  m_ObjectHideFlags: 0
  m_CorrespondingSourceObject: {fileID: 114472907270853152, guid: 35ce2bb4caba9434db5e656796b632b1,
    type: 3}
  m_PrefabInstance: {fileID: 0}
  m_PrefabAsset: {fileID: 0}
  m_GameObject: {fileID: 579780356725031678}
  m_Enabled: 1
  m_EditorHideFlags: 0
  m_Script: {fileID: 11500000, guid: 0a38712e93231418a84665190b8473d0, type: 3}
  m_Name: 
  m_EditorClassIdentifier: 
  _desiredAccuracyInMeters: 5
  _updateDistanceInMeters: 5
  _updateTimeInMilliSeconds: 1000
  _userHeadingSmoothing: {fileID: 0}
  _deviceOrientationSmoothing: {fileID: 0}
  _editorDebuggingOnly:
    _mockUnityInputLocation: 0
    _locationLogFile: {fileID: 0}
--- !u!1 &579780356817996491
GameObject:
  m_ObjectHideFlags: 0
  m_CorrespondingSourceObject: {fileID: 1155921098649226, guid: 35ce2bb4caba9434db5e656796b632b1,
    type: 3}
  m_PrefabInstance: {fileID: 0}
  m_PrefabAsset: {fileID: 0}
  serializedVersion: 6
  m_Component:
  - component: {fileID: 579780356817996488}
  - component: {fileID: 579780356817996489}
  m_Layer: 0
  m_Name: Editor
  m_TagString: Untagged
  m_Icon: {fileID: 0}
  m_NavMeshLayer: 0
  m_StaticEditorFlags: 0
  m_IsActive: 1
--- !u!4 &579780356817996488
Transform:
  m_ObjectHideFlags: 0
  m_CorrespondingSourceObject: {fileID: 4249158653028356, guid: 35ce2bb4caba9434db5e656796b632b1,
    type: 3}
  m_PrefabInstance: {fileID: 0}
  m_PrefabAsset: {fileID: 0}
  m_GameObject: {fileID: 579780356817996491}
  m_LocalRotation: {x: 0, y: 0, z: 0, w: 1}
  m_LocalPosition: {x: 0, y: 0, z: 0}
  m_LocalScale: {x: 1, y: 1, z: 1}
  m_Children: []
  m_Father: {fileID: 579780357577281594}
  m_RootOrder: 1
  m_LocalEulerAnglesHint: {x: 0, y: 0, z: 0}
--- !u!114 &579780356817996489
MonoBehaviour:
  m_ObjectHideFlags: 0
  m_CorrespondingSourceObject: {fileID: 114357689223919402, guid: 35ce2bb4caba9434db5e656796b632b1,
    type: 3}
  m_PrefabInstance: {fileID: 0}
  m_PrefabAsset: {fileID: 0}
  m_GameObject: {fileID: 579780356817996491}
  m_Enabled: 1
  m_EditorHideFlags: 0
  m_Script: {fileID: 11500000, guid: 60712efc3153a4819b0c79437175846d, type: 3}
  m_Name: 
  m_EditorClassIdentifier: 
  _accuracy: 5
  _autoFireEvent: 1
  _updateInterval: 0.1
  _sendEvent: 0
  _latitudeLongitude: 37.784179, -122.401583
  _targetTransform: {fileID: 0}
--- !u!1 &579780357657810421
GameObject:
  m_ObjectHideFlags: 0
  m_CorrespondingSourceObject: {fileID: 1343136282922088, guid: 35ce2bb4caba9434db5e656796b632b1,
    type: 3}
  m_PrefabInstance: {fileID: 0}
  m_PrefabAsset: {fileID: 0}
  serializedVersion: 6
  m_Component:
  - component: {fileID: 579780357577281594}
  - component: {fileID: 579780357657810426}
  m_Layer: 0
  m_Name: LocationProvider
  m_TagString: Untagged
  m_Icon: {fileID: 0}
  m_NavMeshLayer: 0
  m_StaticEditorFlags: 0
  m_IsActive: 1
--- !u!4 &579780357577281594
Transform:
  m_ObjectHideFlags: 0
  m_CorrespondingSourceObject: {fileID: 4499799956889190, guid: 35ce2bb4caba9434db5e656796b632b1,
    type: 3}
  m_PrefabInstance: {fileID: 0}
  m_PrefabAsset: {fileID: 0}
  m_GameObject: {fileID: 579780357657810421}
  m_LocalRotation: {x: -0, y: -0, z: -0, w: 1}
  m_LocalPosition: {x: 0, y: 0, z: 0}
  m_LocalScale: {x: 1, y: 1, z: 1}
  m_Children:
  - {fileID: 579780356725031679}
  - {fileID: 579780356817996488}
  - {fileID: 579780357849547866}
  - {fileID: 579780358134098659}
  - {fileID: 579780358261330062}
  m_Father: {fileID: 0}
  m_RootOrder: 0
  m_LocalEulerAnglesHint: {x: 0, y: 0, z: 0}
--- !u!114 &579780357657810426
MonoBehaviour:
  m_ObjectHideFlags: 0
  m_CorrespondingSourceObject: {fileID: 114785114324483884, guid: 35ce2bb4caba9434db5e656796b632b1,
    type: 3}
  m_PrefabInstance: {fileID: 0}
  m_PrefabAsset: {fileID: 0}
  m_GameObject: {fileID: 579780357657810421}
  m_Enabled: 1
  m_EditorHideFlags: 0
  m_Script: {fileID: 11500000, guid: b55f37f9a6f7e44f7bb35e6bc3863847, type: 3}
  m_Name: 
  m_EditorClassIdentifier: 
  mapManager: {fileID: 0}
  _deviceLocationProviderUnity: {fileID: 579780356725031676}
  _deviceLocationProviderAndroid: {fileID: 579780358261330063}
  _editorLocationProvider: {fileID: 579780356817996489}
  _transformLocationProvider: {fileID: 579780358134098656}
  _dontDestroyOnLoad: 0
--- !u!1 &579780357849547861
GameObject:
  m_ObjectHideFlags: 0
  m_CorrespondingSourceObject: {fileID: 1635791393252332, guid: 35ce2bb4caba9434db5e656796b632b1,
    type: 3}
  m_PrefabInstance: {fileID: 0}
  m_PrefabAsset: {fileID: 0}
  serializedVersion: 6
  m_Component:
  - component: {fileID: 579780357849547866}
  - component: {fileID: 579780357849547867}
  m_Layer: 0
  m_Name: EditorLocationArray
  m_TagString: Untagged
  m_Icon: {fileID: 0}
  m_NavMeshLayer: 0
  m_StaticEditorFlags: 0
  m_IsActive: 1
--- !u!4 &579780357849547866
Transform:
  m_ObjectHideFlags: 0
  m_CorrespondingSourceObject: {fileID: 4779604382777758, guid: 35ce2bb4caba9434db5e656796b632b1,
    type: 3}
  m_PrefabInstance: {fileID: 0}
  m_PrefabAsset: {fileID: 0}
  m_GameObject: {fileID: 579780357849547861}
  m_LocalRotation: {x: 0, y: 0, z: 0, w: 1}
  m_LocalPosition: {x: 0, y: 0, z: 0}
  m_LocalScale: {x: 1, y: 1, z: 1}
  m_Children: []
  m_Father: {fileID: 579780357577281594}
  m_RootOrder: 2
  m_LocalEulerAnglesHint: {x: 0, y: 0, z: 0}
--- !u!114 &579780357849547867
MonoBehaviour:
  m_ObjectHideFlags: 0
  m_CorrespondingSourceObject: {fileID: 114363624137296630, guid: 35ce2bb4caba9434db5e656796b632b1,
    type: 3}
  m_PrefabInstance: {fileID: 0}
  m_PrefabAsset: {fileID: 0}
  m_GameObject: {fileID: 579780357849547861}
  m_Enabled: 1
  m_EditorHideFlags: 0
  m_Script: {fileID: 11500000, guid: 6b5c815d91f9d4c3690891f3ed4c3162, type: 3}
  m_Name: 
  m_EditorClassIdentifier: 
  _accuracy: 5
  _autoFireEvent: 1
  _updateInterval: 2
  _sendEvent: 0
  _latitudeLongitude:
  - 37.784179, -122.401583
  - 37.8045, -122.2714
  - 37.2751, -121.8261
  _heading: 0
--- !u!1 &579780358134098658
GameObject:
  m_ObjectHideFlags: 0
  m_CorrespondingSourceObject: {fileID: 1671354315346450, guid: 35ce2bb4caba9434db5e656796b632b1,
    type: 3}
  m_PrefabInstance: {fileID: 0}
  m_PrefabAsset: {fileID: 0}
  serializedVersion: 6
  m_Component:
  - component: {fileID: 579780358134098659}
  - component: {fileID: 579780358134098656}
  m_Layer: 0
  m_Name: Transform
  m_TagString: Untagged
  m_Icon: {fileID: 0}
  m_NavMeshLayer: 0
  m_StaticEditorFlags: 0
  m_IsActive: 1
--- !u!4 &579780358134098659
Transform:
  m_ObjectHideFlags: 0
  m_CorrespondingSourceObject: {fileID: 4508123490764572, guid: 35ce2bb4caba9434db5e656796b632b1,
    type: 3}
  m_PrefabInstance: {fileID: 0}
  m_PrefabAsset: {fileID: 0}
  m_GameObject: {fileID: 579780358134098658}
  m_LocalRotation: {x: 0, y: 0, z: 0, w: 1}
  m_LocalPosition: {x: 0, y: 0, z: 0}
  m_LocalScale: {x: 1, y: 1, z: 1}
  m_Children: []
  m_Father: {fileID: 579780357577281594}
  m_RootOrder: 3
  m_LocalEulerAnglesHint: {x: 0, y: 0, z: 0}
--- !u!114 &579780358134098656
MonoBehaviour:
  m_ObjectHideFlags: 0
  m_CorrespondingSourceObject: {fileID: 114159034711449820, guid: 35ce2bb4caba9434db5e656796b632b1,
    type: 3}
  m_PrefabInstance: {fileID: 0}
  m_PrefabAsset: {fileID: 0}
  m_GameObject: {fileID: 579780358134098658}
  m_Enabled: 1
  m_EditorHideFlags: 0
  m_Script: {fileID: 11500000, guid: a034c4eeb3293418aab101c1895844a4, type: 3}
  m_Name: 
  m_EditorClassIdentifier: 
  _accuracy: 5
  _autoFireEvent: 1
  _updateInterval: 1
  _sendEvent: 0
  _targetTransform: {fileID: 579780358134098659}
--- !u!1 &579780358261330057
GameObject:
  m_ObjectHideFlags: 0
  m_CorrespondingSourceObject: {fileID: 1844081552716966, guid: 35ce2bb4caba9434db5e656796b632b1,
    type: 3}
  m_PrefabInstance: {fileID: 0}
  m_PrefabAsset: {fileID: 0}
  serializedVersion: 6
  m_Component:
  - component: {fileID: 579780358261330062}
  - component: {fileID: 579780358261330063}
  m_Layer: 0
  m_Name: AndroidDevice
  m_TagString: Untagged
  m_Icon: {fileID: 0}
  m_NavMeshLayer: 0
  m_StaticEditorFlags: 0
  m_IsActive: 1
--- !u!4 &579780358261330062
Transform:
  m_ObjectHideFlags: 0
  m_CorrespondingSourceObject: {fileID: 4385260180251512, guid: 35ce2bb4caba9434db5e656796b632b1,
    type: 3}
  m_PrefabInstance: {fileID: 0}
  m_PrefabAsset: {fileID: 0}
  m_GameObject: {fileID: 579780358261330057}
  m_LocalRotation: {x: -0, y: -0, z: -0, w: 1}
  m_LocalPosition: {x: -18.677399, y: 12.257265, z: 21.646572}
  m_LocalScale: {x: 1, y: 1, z: 1}
  m_Children: []
  m_Father: {fileID: 579780357577281594}
  m_RootOrder: 4
  m_LocalEulerAnglesHint: {x: 0, y: 0, z: 0}
--- !u!114 &579780358261330063
MonoBehaviour:
  m_ObjectHideFlags: 0
  m_CorrespondingSourceObject: {fileID: 114410157683913826, guid: 35ce2bb4caba9434db5e656796b632b1,
    type: 3}
  m_PrefabInstance: {fileID: 0}
  m_PrefabAsset: {fileID: 0}
  m_GameObject: {fileID: 579780358261330057}
  m_Enabled: 1
  m_EditorHideFlags: 0
  m_Script: {fileID: 11500000, guid: d3d557417079b1446999d2d86ff71dfb, type: 3}
  m_Name: 
  m_EditorClassIdentifier: 
  _updateDistanceInMeters: 0
  _updateTimeInMilliSeconds: 500
